AoeStats
← [LCDR] Alone

Lombardia

509958858Analyzed
4v4 RM · 4d ago on Sep 28, 2026· 10m 53s· 8 players
Game mode
Random Map
Map size
Large (8 player)
Population
200
Speed
Normal
Resources
Standard
Victory
Conquest
Starting age
Dark Age
Ending age
Imperial Age
RankedLock teamsTeams togetherTeam positionsShared explorationLock speedFull tech treeHidden civsTurbo modeCheats
Victory
Defeat
🇧🇷 Saracens · Brazil
1801
+6
🇧🇷 Huns · Brazil
1698
+9
🇧🇷 Persians · Brazil
1386
+20
🇧🇷 Mongols · Brazil
1348
+22
🇦🇷 Hindustanis · Argentina
1537
-15
🇧🇷 Franks · Brazil
1523
-14
🇺🇸 Spanish · United States
1522
-14
🇬🇷 Saracens · Greece
1512
-14
MenaChuuni
11:12 Feudal Age
duckdowN
5:39 Loom
9:52 Feudal Age
jimmil
7:40 Loom
天崩地裂
9:23 Loom
11:48 Feudal Age
[LCDR]Zuru
6:26 Loom
8:50 Feudal Age
9:25 Double-Bit Axe
[LCDR] ScOrPiOn II
4:30 Loom
10:15 Feudal Age
[LCDR] Alone
6:24 Loom
8:54 Feudal Age
10:26 Double-Bit Axe
10:21 Horse Collar
Fs.Alive
10:00 Feudal Age
Connection lost

Rejoining the realm…

Still unreachable

The connection could not be restored.

Session expired

The server has moved on; the page needs a fresh start.